 Dungeon Crawl Stone Soup version 0.30-a0-364-gf6b3ef1049 (webtiles) character file.

Game seed: 6084958406418203876

103 billz999 the Skirmisher (level 4, -1/38 HPs)
             Began as a Gnoll Hunter on Nov 15, 2022.
             Was an Initiate of Yredelemnul.
             Slain by an orc
             ... wielding a +0 mace
              (3 damage)
             ... on level 3 of the Dungeon.
             The game lasted 00:02:13 (1575 turns).

billz999 the Skirmisher (Gnoll Hunter)              Turns: 1575, Time: 00:02:15

Health: -1/38      AC:  4    Str: 12    XL:     4   Next: 79%
Magic:  5/5        EV: 13    Int:  9    God:    Yredelemnul [......]
Gold:   135        SH:  0    Dex: 15    Spells: 5/5 levels left

rFire   . . .      SeeInvis .    a - +0 shortbow
rCold   . . .      Faith    .    (shield currently unavailable)
rNeg    . . .      Spirit   .    c - +0 leather armour
rPois   .          Reflect  .    (no helmet)
rElec   .          Harm     .    l - +0 cloak
rCorr   .          Rampage  .    (no gloves)
Will    .....                    (no boots)
Stlth   ++........               (no amulet)
HPRegen 0.26/turn                (no ring)
MPRegen 0.09/turn                (no ring)

@: no status effects
A: fangs 1, strong nose, distributed training
a: Renounce Religion, Recall Undead Harvest


You were on level 3 of the Dungeon.
You worshipped Yredelemnul.
Yredelemnul was noncommittal.
You visited 1 branch of the dungeon, and saw 4 of its levels.

You collected 135 gold pieces.

Inventory:

Hand Weapons
 a - a +0 shortbow (weapon)
 m - a +2 dagger of flaming
Missiles
 n - 5 poisoned darts
Armour
 c - a +0 leather armour (worn)
 l - a +0 cloak (worn)
Scrolls
 b - a scroll of immolation
 d - a scroll of poison {unknown}
 e - a scroll of brand weapon {unknown}
 f - a scroll of vulnerability {unknown}
 g - a scroll of blinking {unknown}
 k - 2 scrolls of teleportation {unknown}
 r - a scroll of identify {unknown}
Potions
 h - a potion of curing {unknown}
 i - a potion of lignification {unknown}
 j - 2 potions of degeneration {unknown}
 o - a potion of brilliance {unknown}
 p - a potion of heal wounds {unknown}
 q - a potion of invisibility {unknown}


   Skills:
 + Level 4.7 Fighting
 + Level 1.3 Short Blades
 + Level 1.3 Long Blades
 + Level 1.3 Axes
 + Level 1.3 Maces & Flails
 + Level 1.3 Polearms
 + Level 1.3 Staves
 + Level 8.6 Ranged Weapons
 + Level 1.3 Throwing
 + Level 1.3 Armour
 + Level 4.7 Dodging
 + Level 2.6 Stealth
 + Level 1.3 Shields
 + Level 1.3 Unarmed Combat
 + Level 1.3 Spellcasting
 + Level 1.0 Conjurations
 + Level 1.0 Hexes
 + Level 1.0 Summonings
 + Level 1.0 Necromancy
 + Level 1.0 Translocations
 + Level 1.0 Transmutations
 + Level 1.0 Fire Magic
 + Level 1.0 Ice Magic
 + Level 1.0 Air Magic
 + Level 1.0 Earth Magic
 + Level 1.0 Poison Magic
 + Level 1.4 Invocations
 + Level 1.3 Evocations


You had 5 spell levels left.
You didn't know any spells.
Your spell library was empty.

Dungeon Overview and Level Annotations

Branches:
Dungeon (4/15)
 Temple: D:4-7

Altars:
Sif Muna
Yredelemnul


Innate Abilities, Weirdness & Mutations

You have very sharp teeth.
Your uncanny sense of smell can sniff out nearby items.
Your experience applies equally to all skills.


Message History

You shoot an arrow.
The arrow completely misses the orc priest.
The orc shouts!
The orc priest calls down the wrath of Beogh upon you.
Pain shoots through your body!
You climb upwards.
There is a stone staircase leading down here.
There is a stone staircase leading down here.
You climb downwards.
The orc priest barely misses you. The orc barely misses you.
There is a stone staircase leading up here.
Unknown command.
The orc priest hits you from afar with a +0 trident!
The orc priest completely misses you. The orc hits you but does no damage.
You climb upwards.
There is a stone staircase leading down here.
You shoot an arrow.
The arrow hits the orc priest but does no damage.
The orc barely misses you. The orc priest closely misses you.
You shoot an arrow.
The arrow closely misses the orc priest.
The orc hits you with a +0 mace. The orc priest barely misses you.
You shoot an arrow. The arrow barely misses the orc priest.
The orc barely misses you.
The orc priest hits you with a +0 flail.
You shoot an arrow. The arrow hits the orc priest.
The orc priest is lightly wounded.
The orc misses you.
The orc priest hits you with a +0 flail.
You shoot an arrow. The arrow hits the orc priest!
The orc priest is almost dead.
The orc barely misses you. The orc priest barely misses you.
You shoot an arrow. The arrow barely misses the orc priest.
The orc hits you with a +0 mace.
The orc priest mumbles some strange prayers to Beogh against you.
Beogh smites you!
* * * LOW HITPOINT WARNING * * *
The orc hits you with a +0 mace.
You die...
Your body rises from the dead as a mindless zombie.

#.##.##.# #.##.##.######
#.##.##......#
############.##.#######.##
.........................#
.###########..#.#######..#
.## #####..#.##### #..# .8##
#......#.#...###..# ...#
###.###.##o@.#Z.##..#### ...#
#.......##o.###.##..Z..#
.8####.#..######..#....(###.#
.##....#..# ##...#.### #.#
########..# ##.##.# #.# #..#
#..##Z# #.# #..# #.###.# #Z#
#..# #Z# #.## #.# #..# #Z#
#..# #Z#


You could see an orc priest and an orc.

Vanquished Creatures
  Natasha (D:2)
  3 adders
  2 worms
  2 orcs
  4 ball pythons
  6 endoplasms
  2 giant cockroaches (D:1)
  5 goblins
  3 hobgoblins
  A quokka (D:1)
  7 bats
  2 frilled lizards
  4 kobolds
  A rat (D:3)
43 creatures vanquished.

Vanquished Creatures (collateral kills)
  A frilled lizard (D:3)
1 creature vanquished.

Vanquished Creatures (others)
  An orc zombie (D:4)
  2 plants (D:3)
3 creatures vanquished.

Grand Total: 47 creatures vanquished

Notes
Turn   | Place    | Note
-------+----------+-------------------------------------------
     0 | D:1      | billz999 the Gnoll Hunter began the quest for the Orb.
     0 | D:1      | Reached XP level 1. HP: 20/20 MP: 1/1
   146 | D:1      | Reached XP level 2. HP: 26/26 MP: 2/2
   192 | D:1      | Found a faded altar of an unknown god.
   548 | D:1      | Reached XP level 3. HP: 31/31 MP: 3/3
   617 | D:2      | Noticed Natasha
   620 | D:2      | Killed Natasha
   621 | D:2      | Reached skill level 1 in Short Blades
   621 | D:2      | Reached skill level 1 in Long Blades
   621 | D:2      | Reached skill level 1 in Axes
   621 | D:2      | Reached skill level 1 in Maces & Flails
   621 | D:2      | Reached skill level 1 in Polearms
   621 | D:2      | Reached skill level 1 in Staves
   621 | D:2      | Reached skill level 1 in Throwing
   621 | D:2      | Reached skill level 1 in Armour
   621 | D:2      | Reached skill level 1 in Shields
   621 | D:2      | Reached skill level 1 in Unarmed Combat
   621 | D:2      | Reached skill level 1 in Spellcasting
   621 | D:2      | Reached skill level 1 in Invocations
   621 | D:2      | Reached skill level 1 in Evocations
   645 | D:2      | Reached XP level 4. HP: 37/38 MP: 5/5
   747 | D:2      | You fall into a shaft and drop 1 floor!
   834 | D:3      | Reached skill level 1 in Conjurations
   834 | D:3      | Reached skill level 1 in Hexes
   834 | D:3      | Reached skill level 1 in Summonings
   834 | D:3      | Reached skill level 1 in Necromancy
   834 | D:3      | Reached skill level 1 in Translocations
   834 | D:3      | Reached skill level 1 in Transmutations
   834 | D:3      | Reached skill level 1 in Fire Magic
   834 | D:3      | Reached skill level 1 in Ice Magic
   834 | D:3      | Reached skill level 1 in Air Magic
   834 | D:3      | Reached skill level 1 in Earth Magic
   834 | D:3      | Reached skill level 1 in Poison Magic
   865 | D:3      | Found a basalt altar of Yredelemnul.
   880 | D:3      | Became a worshipper of Yredelemnul the Dark
   916 | D:3      | Reached * piety under Yredelemnul
   990 | D:3      | Found a shimmering blue altar of Sif Muna.
  1575 | D:3      | Slain by an orc

Illustrated notes

Levels and vault maps discovered:
D:1:      amcnicky_arrival_flooded_fountain, layout_rooms,
          shapermc_ecumenical_altar_venn, corexii_leaking_fountain,
          amethyst_killhole, minmay_3d_cube
D:2:      layout_loops_ring, grunt_ministairs_14, uniq_jessica, uniq_natasha
D:3:      layout_loops_ring, mainiacjoe_overflow_concentric_impassable,
          mainiacjoe_overflow_chevrons, hangedman_decor_riveting, st_stairs_6
D:4:      layout_basic, mainiacjoe_overflow_six_doors_small,
          minmay_misc_feat_secret_circle, uniq_duvessa

Skill      XL: |  1  2  3  4 |
---------------+-------------+-----
Short Blades   | 1 |  1.3
Long Blades    | 1 |  1.3
Axes           | 1 |  1.3
Maces & Flails | 1 |  1.3
Polearms       | 1 |  1.3
Staves         | 1 |  1.3
Throwing       | 1 |  1.3
Armour         | 1 |  1.3
Shields        | 1 |  1.3
Unarmed Combat | 1 |  1.3
Spellcasting   | 1 |  1.3
Invocations    | 1 |  1.4
Evocations     | 1 |  1.3
Conjurations   | 1 |  1.0
Hexes          | 1 |  1.0
Summonings     | 1 |  1.0
Necromancy     | 1 |  1.0
Translocations | 1 |  1.0
Transmutations | 1 |  1.0
Fire Magic     | 1 |  1.0
Ice Magic      | 1 |  1.0
Air Magic      | 1 |  1.0
Earth Magic    | 1 |  1.0
Poison Magic   | 1 |  1.0
Fighting       | |  4.7
Ranged Weapons | |  8.6
Dodging        | |  4.7
Stealth        | |  2.6

Action                   |  1- 3 |  4- 6 || total
-------------------------+-------+-------++-------
 Fire: Shortbow          |    54 |    64 ||   118
Armor: Leather armour    |     6 |     4 ||    10
Dodge: Dodged            |    11 |    14 ||    25

Table legend: (Time is in decaauts)
 A = Elapsed time spent in this place.
 B = Non-inter-level travel time spent in this place.
 C = Inter-level travel time spent in this place.
 D = Time resting spent in this place.
 E = Time spent auto-exploring this place.
 F = Levels seen in this place.
 G = Mean time per level.
                   A        B        C        D        E       F      G
               +--------+--------+--------+--------+--------+-----+--------+
         Total |   1590 |   1437 |    153 |     78 |   1108 |   4 |  397.5 |
       Dungeon |   1590 |   1437 |    153 |     78 |   1108 |   4 |  397.5 |
               +--------+--------+--------+--------+--------+-----+--------+

Top non-repeatable levels by time:
     D:3: 757 daAuts
     D:1: 553 daAuts
     D:2: 201 daAuts
     D:4: 78 daAuts
